 Dungeon Crawl Stone Soup version 0.18-a0-1784-ga939a68 (webtiles) character file.

85 namelastname112 the Conjurer (level 4, -2/33 HPs)
             Began as a Draconian Conjurer on Apr 18, 2016.
             Killed from afar by an orc wizard (5 damage)
             ... with a magic dart
             ... on level 3 of the Dungeon.
             The game lasted 00:05:58 (2597 turns).

namelastname112 the Conjurer (Draconian Conjurer)   Turns: 2597, Time: 00:05:59

Health: -2/33      AC:  5    Str: 11    XL:     4   Next: 25%
Magic:  1/8        EV: 12    Int: 16    God:
Gold:   138        SH:  0    Dex: 11    Spells: 2 memorised, 6 levels left

rFire  . . .     SeeInvis .     n - +0 short sword (curse)
rCold  . . .     Gourm    .     (armour unavailable)
rNeg   . . .     Faith    .     (no shield)
rPois  .         Spirit   .     (helmet restricted)
rElec  .         Dismiss  .     (no cloak)
rCorr  .         Reflect  .     (no gloves)
SustAt .         Harm     .     (no boots)
MR     .....                    (no amulet)
Stlth  ++........               (no ring)
                                (no ring)

@: not resistant to hostile enchantments, unstealthy
A: unfitting armour, cold-blooded, AC +5
a: no special abilities


You were on level 3 of the Dungeon.
You were not hungry.

You visited 1 branch of the dungeon, and saw 3 of its levels.

You collected 138 gold pieces.

Inventory:

Hand Weapons
 n - a cursed +0 short sword (weapon)
Missiles
 g - 2 curare-tipped needles
Scrolls
 c - a scroll of immolation {unknown}
 i - a scroll of amnesia {unknown}
 k - 2 scrolls of identify {unknown}
 l - 2 scrolls of teleportation {unknown}
 p - a scroll of noise {unknown}
 t - a scroll of enchant weapon {unknown}
Potions
 e - 4 potions of curing {unknown}
 f - 2 potions of lignification {unknown}
 j - a potion of invisibility {unknown}
 o - a potion of ambrosia {unknown}
 q - 2 potions of flight {unknown}
 r - a potion of degeneration {unknown}
Books
 a - a book of Conjurations

   Spells                             Type                      Level
   a - Magic Dart                     Conjuration                  1
   b - Searing Ray                    Conjuration                  2
   c - Dazzling Spray                 Conjuration/Hexes            3
   d - Fulminant Prism                Conjuration/Hexes            4
   e - Iskenderun's Mystic Blast      Conjuration                  4
   f - Iskenderun's Battlesphere      Conjuration/Charms           5
Comestibles
 b - 3 bread rations
 d - 4 meat rations
 h - 2 beef jerkies
 m - 2 fruits
 s - 2 chunks of flesh


   Skills:
 - Level 1.7 Dodging
 - Level 1.7 Stealth
 + Level 3.2 Spellcasting
 + Level 5.0 Conjurations


You had 6 spell levels left.
You knew the following spells:

 Your Spells              Type           Power        Failure   Level  Hunger
x - Searing Ray           Conj           ###...       4%          2    ##.....
z - Magic Dart            Conj           ###.         2%          1    None


Dungeon Overview and Level Annotations

Branches:
Dungeon (3/15)

Altars:
Okawaru
Trog
The Shining One


Innate Abilities, Weirdness & Mutations

Your plain brown scales are hard (AC +5).
Your body does not fit into most forms of armour.
You are cold-blooded and may be slowed by cold attacks.


Message History

Casting: Searing Ray
Confirm with . or Enter, or press ? or * to list all spells.
Aiming: Magic Dart
Press: ? - help, Shift-Dir - straight line The magic dart hits something.
Something hits you but does no damage.
You now have 0/8 mp.
You closely miss something. You tail-slap something.
You hear some strange, mumbled words.
A puff of flame appears from out of thin air!
The puff of flame hits you! Something hits you but does no damage.
You take 6 damage, and have 10/33 hp.
You miss something.
You hear some strange, mumbled words.
A puff of frost appears from out of thin air!
The puff of frost hits you!
* * * LOW HITPOINT WARNING * * *
You hear some strange, mumbled words.
A magic dart appears from out of thin air!
The magic dart hits you!
You die...

.#.#......#.#.. ...#.#.......o#.
.#.#.##.#.#.#########o#.#####...#
.#......#...........#'#+### #.#.#
.###.#######...# #........# #.#.#
...........'...# #....o...# #.#.#
####<.######...# #........# #.#..
# #..# #...# #........# #.##.
####..# ###...##########.# #.# .
......# #.'...+@{........# #.# #
####.#####.#...############
####...........# ....######....##
.##.# #....# .##.# #...)# .##.#
###### .##.# .##.#


There were no monsters in sight!

Vanquished Creatures
  2 adders (D:2)
  An adder zombie (D:3)
  2 worms (D:3)
  2 dart slugs
  2 giant geckos
  4 orcs (D:3)
  2 ball pythons (D:1)
  4 bats
  2 giant cockroaches
  6 hobgoblins
  A jackal (D:2)
  4 giant newts
  3 goblins
  6 kobolds
  8 rats
49 creatures vanquished.

Notes
Turn   | Place    | Note
--------------------------------------------------------------
     0 | D:1      | namelastname112 the Draconian Conjurer began the quest for the Orb.
     0 | D:1      | Reached XP level 1. HP: 14/14 MP: 3/3
   505 | D:1      | Reached XP level 2. HP: 20/20 MP: 0/5
   564 | D:1      | Learned a level 2 spell: Searing Ray
   642 | D:1      | Found a glowing golden altar of the Shining One.
  1249 | D:2      | Found an iron altar of Okawaru.
  1367 | D:2      | Reached XP level 3. HP: 5/26 MP: 0/7
  2175 | D:3      | Noticed a moth of wrath
  2178 | D:3      | Found a bloodstained altar of Trog.
  2295 | D:3      | Reached XP level 4. HP: 21/33 MP: 2/8
  2538 | D:3      | Reached skill level 5 in Conjurations
  2597 | D:3      | Killed from afar by an orc wizard

Vault maps used:
D:1:      erik_arrival_blinker_ship, st_stairs_4, tso_metal_star
D:2:      lemuel_coloured_pillars_altar, kennysheep_generic_room_12
D:3:      nicolae_qazlal_style_of_elements, first_bread, tgw_trog,
          uniq_crazy_yiuf_cottage

Skill      XL: |  1  2  3  4 |
---------------+-------------+-----
Spellcasting   | 3 |  3.2
Conjurations   | 5 |  5.0
Dodging        | |  1.7
Stealth        | |  1.7

Action                   |  1- 3 |  4- 6 || total
-------------------------+-------+-------++-------
Melee: Unarmed           |    21 |       ||    21
       Short sword       |    22 |    15 ||    37
       Tailslap          |     1 |     1 ||     2
 Cast: Magic Dart        |    79 |    12 ||    91
       Searing Ray       |     1 |     2 ||     3
  Use: Scroll            |     1 |       ||     1
  Eat: Chunk             |     5 |     1 ||     6
Armor: Skin              |    20 |    15 ||    35
Dodge: Dodged            |    40 |     7 ||    47
